 Dungeon Crawl Stone Soup version 0.27-a0-1139-g28e009f8a6 (webtiles) character file.

Game seed: 15845591570743282793

32 Ijustatesigmund the Skirmisher (level 3, -7/27 HPs)
             Began as an Octopode Fighter on May 7, 2021.
             Mangled by an ogre
             ... wielding a +0 giant club
              (33 damage)
             ... on level 2 of the Dungeon.
             The game lasted 00:01:49 (1206 turns).

Ijustatesigmund the Skirmisher (Octopode Fighter)   Turns: 1206, Time: 00:01:50

Health: -7/27      AC:  1    Str: 15    XL:     3   Next: 27%
Magic:  3/3        EV: 11    Int: 10    God:
Gold:   48         SH:  8    Dex: 12    Spells: 2/2 levels left

rFire    . . .     SeeInvis .   a - +0 war axe
rCold    . . .     Faith    .   b - +0 kite shield
rNeg     . . .     Spirit   .   (helmet restricted)
rPois    .         Reflect  .   (no amulet)
rElec    .         Harm     .   (no ring)
rCorr    .         Rampage  .   (no ring)
Will     .....                  (no ring)
Stlth    ++........             (no ring)
HPRegen  0.09/turn              (no ring)
MPRegen  0.08/turn              (no ring)
                                (no ring)
                                (no ring)

@: no status effects
A: almost no armour, amphibious, 8 rings, camouflage 1, gelatinous body 1,
(nimble swimmer 1), tentacles
a: no special abilities


You were on level 2 of the Dungeon.
You visited 1 branch of the dungeon, and saw 2 of its levels.

You collected 48 gold pieces.

Inventory:

Hand Weapons
 a - a +0 war axe (weapon)
Armour
 b - a +0 kite shield (worn)
Jewellery
 h - a ring of fire
Scrolls
 f - a scroll of vulnerability
 i - a scroll of enchant weapon {unknown}
 j - a scroll of teleportation {unknown}
Potions
 c - a potion of might
 d - 2 potions of flight
 e - 2 potions of curing {unknown}
 g - a potion of mutation {unknown}


   Skills:
 + Level 3.7 Fighting
 + Level 2.9 Axes
 - Level 3.0 Dodging
 - Level 3.0 Shields


You had 2 spell levels left.
You didn't know any spells.
Your spell library was empty.

Dungeon Overview and Level Annotations

Branches:
Dungeon (2/15)

Altars:
Elyvilon


Innate Abilities, Weirdness & Mutations

You cannot wear most types of armour.
You are amphibious.
You can wear up to eight rings at the same time.
Your skin changes colour to match your surroundings (Stealth+).
Your rubbery body absorbs attacks. (AC +1, EV +1)
((You are camouflaged near water. (Stealth+)))
You have tentacles for arms and can constrict up to eight enemies at once.


Message History

You hit the worm. You grab the worm.
The worm is heavily wounded.
You constrict the worm. You block the worm's attack.
You hit the worm. You squeeze the worm.
You kill the worm!
No target in view!
No target in view!
No target in view!
No target in view!
No target in view!
No target in view!
i - a scroll labelled LADOIL GOGEREO
j - a scroll labelled HOXAXKUA HAJID
Found a glowing hand axe.
You see here a +2 hand axe of distortion.
Found a white marble altar of Elyvilon.
Found 21 stones.
A bat comes into view.
The bat moves out of view.
A bat is nearby!
Found a leatherbound book.
The bat misses you.
You closely miss the bat. Your grab misses the bat.
Your squeeze misses the bat. You block the bat's attack. The bat hits you.
An ogre comes into view. It is wielding a +0 giant club.
The bat hits you but does no damage.
Found a whip.
The ogre shouts!
The bat barely misses you.
You hit the bat but do no damage. Your grab misses the bat.
You block the bat's attack.
You closely miss the bat. Your grab misses the bat.
Your squeeze misses the bat. The bat hits you.
You miss the bat. Your grab misses the bat. Your squeeze misses the bat.
You block the bat's attack. The bat hits you but does no damage.
You hit the ogre but do no damage. You hit the bat.
You kill the bat!
The ogre hits you with a +0 giant club!!
Ouch! That really hurt!
You die...

#.#)## ## #....## . ##.....###
##.....:... .........# ##
........# #. ###O....#.## #.
##..@.......### #.
##.#.......#.....####.
#.#........#.#.....†..
#...#####.##.# #.##... ####...#
#.##.###.##... #######......#
#.##.....†.... .............#
#....###.##.#.
######.###..#####.##..........
##...........................##


You could see an ogre.

Vanquished Creatures
  An adder (D:2)
  A worm (D:2)
  A dart slug (D:1)
  4 bats
  An endoplasm (D:1)
  2 giant cockroaches (D:1)
  A hobgoblin (D:1)
  A kobold (D:1)
  2 quokkas
  2 ball pythons (D:1)
  5 frilled lizards
21 creatures vanquished.

Notes
Turn   | Place    | Note
-------+----------+-------------------------------------------
     0 | D:1      | Ijustatesigmund the Octopode Fighter began the quest for
                  | the Orb.
     0 | D:1      | Reached XP level 1. HP: 16/16 MP: 1/1
   260 | D:1      | Found a faded altar of an unknown god.
   460 | D:1      | Reached XP level 2. HP: 21/21 MP: 2/2
  1095 | D:2      | Reached XP level 3. HP: 22/26 MP: 3/3
  1184 | D:2      | Found a white marble altar of Elyvilon.
  1201 | D:2      | Noticed an ogre
  1206 | D:2      | Mangled by an ogre

Illustrated notes

Levels and vault maps discovered:
D:1:      lightli_arrival_windingriver, layout_loops_ring,
          hellmonk_ecumenical_altar_lost_god
D:2:      layout_loops_ring, basic_altar, uniq_terence, uniq_natasha,
          uniq_sigmund

Action                   || total
-------------------------++-------
Melee: War axe           ||    42
       Constrict         ||     8
       Tentacles         ||     5
  Use: Scroll            ||     3
 Stab: Sleeping          ||     6
Armor: Skin              ||     9
Dodge: Dodged            ||    25
Block: Kite shield       ||    18

Table legend: (Time is in decaauts)
 A = Elapsed time spent in this place.
 B = Non-inter-level travel time spent in this place.
 C = Inter-level travel time spent in this place.
 D = Time resting spent in this place.
 E = Time spent auto-exploring this place.
 F = Levels seen in this place.
 G = Mean time per level.
                   A        B        C        D        E       F      G
               +--------+--------+--------+--------+--------+-----+--------+
         Total |   1230 |   1212 |     18 |    136 |    924 |   2 |  615.0 |
       Dungeon |   1230 |   1212 |     18 |    136 |    924 |   2 |  615.0 |
               +--------+--------+--------+--------+--------+-----+--------+

Top non-repeatable levels by time:
     D:1: 980 daAuts
     D:2: 250 daAuts
